 Dungeon Crawl Stone Soup version 0.27.0-1-g7a089689b8 (webtiles) character file.

Game seed: 6908151958205470646

1541 Spaninq the Skirmisher (level 8, -2/65 HPs)
             Began as a Mummy Gladiator on Aug 16, 2021.
             Was an Initiate of Kikubaaqudgha.
             Slain by Edmund (3 damage)
             ... on level 6 of the Dungeon.
             The game lasted 00:17:31 (7507 turns).

Spaninq the Skirmisher (Mummy Gladiator)            Turns: 7507, Time: 00:17:31

Health: -2/65      AC: 14    Str: 19    XL:     8   Next: 56%
Magic:  8/8        EV:  8    Int:  7    God:    Kikubaaqudgha [......]
Gold:   180        SH:  0    Dex: 14    Spells: 7/7 levels left

rFire    x . .     SeeInvis .   m - +6 whip
rCold    + . .     Faith    .   (no shield)
rNeg     + + +     Spirit   .   l - +0 chain mail
rPois    ∞         Reflect  .   o - +2 helmet
rElec    .         Harm     .   j - +1 cloak {Will+}
rCorr    .         Rampage  .   g - +0 pair of gloves
Will     ++...                  (no boots)
Stlth    ..........             (no amulet)
HPRegen  0.20/turn              (no ring)
MPRegen  0.11/turn              (no ring)

@: no status effects
A: cold resistance 1, negative energy resistance 3, torment resistance 2, heat
vulnerability 1, no potions
a: Renounce Religion


You were on level 6 of the Dungeon.
You worshipped Kikubaaqudgha.
Kikubaaqudgha was noncommittal.
You visited 2 branches of the dungeon, and saw 7 of its levels.

You collected 180 gold pieces.

Inventory:

Hand Weapons
 a - a +0 quarterstaff
 i - a +2 quarterstaff of chaos
 m - a +6 whip (weapon)
Missiles
 d - 7 throwing nets (quivered)
Armour
 g - a +0 pair of gloves (worn)
 j - a +1 cloak of willpower (worn)
 l - a +0 chain mail (worn)
 o - a +2 helmet (worn)
Jewellery
 c - a +6 ring of intelligence
 k - a ring of ice
 p - a ring of ice
Wands
 n - a wand of polymorph (8)
Scrolls
 b - a scroll of identify
 e - a scroll of magic mapping
 f - a scroll of teleportation
 h - a scroll of blinking


   Skills:
 + Level 6.3 Fighting
 * Level 4.6(6.0) Maces & Flails
 - Level 6.0(6.7) Staves
 - Level 1.5 Throwing
 + Level 1.1 Armour
 - Level 2.4 Dodging


You had 7 spell levels left.
You didn't know any spells.
Your spell library contained the following spells:

 Spells                   Type           Power      Damage    Failure   Level
 Animate Skeleton         Necr           0%         N/A       99%         1
 Apportation              Tloc           0%         N/A       99%         1
 Corona                   Hex            0%         N/A       99%         1
 Freeze                   Ice            0%         1d3       99%         1
 Sting                    Tmut/Pois      0%         1d3       99%         1
 Summon Small Mammal      Summ           0%         N/A       99%         1
 Poisonous Vapours        Pois/Air       0%         N/A       100%        2
 Frozen Ramparts          Ice            0%         1d2       100%        3
 Hailstorm                Conj/Ice       0%         3d3       100%        4
 Olgreb's Toxic Radiance  Pois           0%         N/A       100%        4


Dungeon Overview and Level Annotations

Branches:
Dungeon (6/15)             Temple (1/1) D:6

Altars:
Ashenzari
Cheibriados
Elyvilon
Fedhas
Gozag
Hepliaklqana
Kikubaaqudgha
Makhleb
Nemelex Xobeh
Okawaru
Qazlal
Ru
Trog
Uskayaw
Vehumet
Xom
Zin
The Shining One

Annotations:
D:6 Edmund


Innate Abilities, Weirdness & Mutations

You are immune to poison.
Your flesh is cold resistant. (rC+)
You are immune to negative energy. (rN+++)
You are immune to unholy pain and torment.
You are vulnerable to heat. (rF-)
You do not drink.


Message History

Edmund the Younger comes into view.
He is wielding a +2 dire flail of holy wrath and carrying a wand of flame (13).
Edmund zaps a wand.
The puff of flame misses you.
Found 24 gold pieces.
Edmund hits you with a +2 dire flail of holy wrath!
You convulse.
You hit Edmund.
Edmund is lightly wounded.
Edmund hits you with a +2 dire flail of holy wrath!
You convulse!
You hit Edmund.
Edmund is lightly wounded.
Edmund hits you with a +2 dire flail of holy wrath!
You convulse.
You barely miss Edmund.
Edmund is lightly wounded.
You hit Edmund.
Edmund is moderately wounded.
Edmund zaps a wand.
The puff of flame hits you. The fire burns you terribly!
* * * LOW HITPOINT WARNING * * *
You hit Edmund.
Edmund is moderately wounded.
Edmund zaps a wand.
The puff of flame hits you! The fire burns you terribly!
* * * LOW HITPOINT WARNING * * *
You can't drink.
Aiming: Polymorph
Press: ? - help, Shift-Dir - straight line, f - Edmund
Aim: Edmund, wielding a +2 dire flail of holy wrath, wearing a +0 scale mail and carrying a wand of flame (10) (moderately wounded, will become a wolf, an acid dragon, or a steam dragon, chance to affect: 46%) Edmund resists with some effort.
Edmund zaps a wand.
The puff of flame hits you. The fire burns you terribly!
* * * LOW HITPOINT WARNING * * *
Aiming: Polymorph
Press: ? - help, Shift-Dir - straight line, f/p - Edmund
Aim: Edmund, wielding a +2 dire flail of holy wrath, wearing a +0 scale mail and carrying a wand of flame (9) (moderately wounded, will become a wolf, an acid dragon, or a steam dragon, chance to affect: 46%) Edmund resists with some effort.
Edmund zaps a wand.
The puff of flame misses you.
You whack Edmund!
Edmund is heavily wounded.
Edmund hits you with a +2 dire flail of holy wrath.
You die...
Kikubaaqudgha rasps: "You have failed me!
Welcome... oblivion!"

.........#..#..#..#.#
#........#..####..#.##
#.....#..#..#..#..#..#
#.....#..####..#.....#
#.....#..#..#..#.....#
#.....####..#........#
'... #..#..#.......##
#...$ #..#.....###.##
#.....#@.#.....###.#
......@............#
.............#######
$....######### .####


You could see Edmund.

Vanquished Creatures
  A water moccasin (D:5)
  A black bear (D:5)
  A centaur (D:5)
  2 ogres
  2 kobold brigands
  Blork the orc (D:5)
  2 howler monkeys
  A bullfrog zombie (D:6)
  5 hounds
  5 orc priests
  Crazy Yiuf (D:5)
  A centaur skeleton (D:5)
  4 orc wizards
  3 iguanas
  A hound skeleton (D:4)
  4 gnolls (D:3)
  5 adders
  A worm (D:2)
  5 dart slugs
  28 orcs
  4 endoplasms
  8 goblins
  10 hobgoblins
  11 jackals
  4 quokkas
  5 ball pythons
  A ball python skeleton (D:3)
  9 bats
  4 frilled lizards
  14 kobolds
  6 rats
150 creatures vanquished.

Vanquished Creatures (others)
  A fungus (D:5)
  6 plants (D:6)
7 creatures vanquished.

Grand Total: 157 creatures vanquished

Notes
Turn   | Place    | Note
-------+----------+-------------------------------------------
     0 | D:1      | Spaninq the Mummy Gladiator began the quest for the Orb.
     0 | D:1      | Reached XP level 1. HP: 16/16 MP: 1/1
   210 | D:1      | Reached XP level 2. HP: 21/22 MP: 2/2
   505 | D:1      | Reached XP level 3. HP: 28/28 MP: 3/3
  1589 | D:3      | Reached XP level 4. HP: 34/34 MP: 4/4
  1956 | D:2      | HP: 1/35 [orc priest (2)]
  2409 | D:3      | Reached XP level 5. HP: 38/41 MP: 5/5
  2819 | D:3      | Found a faded altar of an unknown god.
  3578 | D:4      | Reached XP level 6. HP: 48/48 MP: 6/6
  3918 | D:4      | Reached skill level 5 in Staves
  5180 | D:4      | Reached XP level 7. HP: 54/55 MP: 7/7
  5463 | D:5      | Entered Level 5 of the Dungeon
  5559 | D:5      | Reached skill level 5 in Fighting
  5559 | D:5      | Reached skill level 1 in Maces & Flails
  5622 | D:5      | Found a shimmering altar of Xom.
  5914 | D:5      | Noticed Blork the orc
  6066 | D:5      | Killed Blork the orc
  6067 | D:5      | Reached XP level 8. HP: 37/64 MP: 8/8
  6472 | D:5      | Found a runed translucent door.
  6473 | D:5      | Noticed Crazy Yiuf
  6695 | D:5      | Killed Crazy Yiuf
  7102 | D:6      | Found a staircase to the Ecumenical Temple.
  7125 | Temple   | Entered the Ecumenical Temple
  7275 | Temple   | Became a worshipper of Kikubaaqudgha
  7328 | D:6      | Reached skill level 1 in Armour
  7492 | D:6      | Noticed Edmund
  7505 | D:6      | HP: 1/65 [Edmund/puff of flame (6)]
  7507 | D:6      | Slain by Edmund

Illustrated notes

Levels and vault maps discovered:
D:1:      minmay_arrival_solitary_statue, layout_basic, minmay_misc_feat_tiny,
          minmay_hexomino_u4
D:2:      layout_basic, minmay_fractal_squares_5
D:3:      layout_basic, hellmonk_ecumenical_altar_heavens_door, minmay_pentangle
D:4:      layout_cave_pools, serial_co_window_serial, co_window_paths_a,
          co_window_paths_b, co_window_paths_a, co_window_corner_a,
          co_window_paths_a, co_window_unsneaky_path_a, co_window_paths_c,
          co_window_unsneaky_path_c, co_window_unsneaky_path_c,
          co_window_broadway_b, co_window_corner_cb, glass_columns_b,
          glass_columns_a, glass_columns_c
D:5:      layout_gridville, gammafunk_temple_overflow_pools, minmay_crossroads,
          uniq_crazy_yiuf_cottage, uniq_blork_the_orc
D:6:      layout_basic, minmay_temple_entry_overgrown,
          hangedman_abyss_or_decor_stagger, uniq_edmund
Temple:   regret_index_temple_sphere_string

Skill      XL: |  1  2  3  4  5  6  7  8 |
---------------+-------------------------+-----
Staves         | 3 4 5 6 |  6.0
Fighting       | 3 4 5 6 |  6.3
Maces & Flails | 3 4 |  4.6
Armour         | 1 |  1.1
Throwing       | |  1.5
Dodging        | |  2.4

Action                   |  1- 3 |  4- 6 |  7- 9 || total
-------------------------+-------+-------+-------++-------
Melee: Quarterstaff      |    99 |   100 |       ||   199
       Whip              |       |   135 |   190 ||   325
Evoke: Wand              |       |       |     2 ||     2
  Use: Scroll            |       |       |     9 ||     9
 Stab: Sleeping          |     1 |       |       ||     1
       Distracted        |       |       |     1 ||     1
Armor: Leather armour    |    35 |    21 |       ||    56
       Chain mail        |       |    86 |    73 ||   159
Dodge: Dodged            |    64 |    94 |    54 ||   212
